 Dungeon Crawl Stone Soup version 0.23-a0-622-g59b4ea9c50 (webtiles) character file.

3464 Morenatsu the Grappler (level 10, -6/77 HPs)
             Began as a Ghoul Monk on Dec 24, 2018.
             Was an Elder of Ru.
             Mangled by a two-headed ogre
             ... wielding a cursed +0 giant spiked club
              (10 damage)
             ... on level 8 of the Dungeon.
             The game lasted 00:21:26 (7049 turns).

Morenatsu the Grappler (Ghoul Monk)                 Turns: 7049, Time: 00:21:26

Health: -6/77      AC:  8    Str: 16    XL:     10   Next: 6%
Magic:  0/9        EV: 16    Int:  5    God:    Ru [****..]
Gold:   257        SH:  0    Dex: 14    Spells: 9/9 levels left

rFire    . . .     SeeInvis .     - Unarmed
rCold    + + .     Gourm    .   (no shield)
rNeg     + + +     Faith    .   p - +0 leather armour {rC+}
rPois    ∞         Spirit   +   m - +0 helmet
rElec    .         Reflect  .   f - +0 cloak
rCorr    .         Harm     .   n - +1 pair of gloves
MR       .....                  (no boots)
Stlth    ++........             e - amulet of guardian spirit
HPRegen  0.00/turn              (no ring)
MPRegen  0.11/turn              (no ring)

@: rotting
A: rotting body, claws 1, carnivore, cold resistance 1, frail 1, negative energy
resistance 3, inhibited regeneration, torment resistance, unbreathing, inability
to use devices
a: Draw Out Power, Power Leap, Renounce Religion


You were on level 8 of the Dungeon.
You worshipped Ru.
Ru was greatly pleased with you.
You were not hungry.

You visited 2 branches of the dungeon, and saw 9 of its levels.

You collected 488 gold pieces.
You spent 231 gold pieces at shops.

Inventory:

Armour
 f - a +0 cloak (worn)
 m - a +0 helmet (worn)
 n - a +1 pair of gloves (worn)
 p - a +0 leather armour of cold resistance (worn)
Jewellery
 e - an amulet of guardian spirit (around neck)
 i - an uncursed ring of ice
Scrolls
 d - 7 scrolls of identify
 k - 3 scrolls of amnesia
 l - a scroll of enchant armour
 o - 3 scrolls of magic mapping
Potions
 a - a potion of agility
 g - a potion of might
 h - a potion of haste
 j - 3 potions of flight
Comestibles
 b - 6 rations
 c - 8 chunks of flesh


   Skills:
 - Level 7.0 Fighting
 + Level 4.3 Armour
 - Level 7.9 Dodging
 - Level 2.1 Stealth
 - Level 10.0 Unarmed Combat


You had 9 spell levels left.
You didn't know any spells.
Your spell library contained the following spells:

 Spells                   Type           Power        Failure   Level  Hunger
 Confusing Touch          Hex            #.....       54%         1    ##.....
 Confuse                  Hex            #.......     88%         3    ####...
 Gell's Gravitas          Tloc           #.........   88%         3    ####...
 Petrify                  Tmut/Erth      #.......     99%         4    #####..
 Metabolic Englaciation   Hex/Ice        #.........   100%        5    ######.
 Yara's Violent Unravell  Hex/Tmut       #.........   100%        5    ######.


Dungeon Overview and Level Annotations

Branches:
Dungeon (8/15)             Temple (1/1) D:5            Lair (0/6) D:8

Altars:
Cheibriados
Dithmenos
Elyvilon
Fedhas
Gozag
Hepliaklqana
Kikubaaqudgha
Makhleb
Nemelex Xobeh
Okawaru
Qazlal
Ru
Sif Muna
Trog
Uskayaw
Vehumet
Wu Jian
Xom
Yredelemnul
Zin
The Shining One

Shops:
D:4 *   D:6 *


Innate Abilities, Weirdness & Mutations

Your body is rotting away.
You thrive on raw meat.
You are immune to poison.
You have sharp fingernails.
You are carnivorous and can eat meat at any time.
Your flesh is cold resistant. (rC+)
You are frail. (-10% HP)
You are immune to negative energy. (rN+++)
You do not regenerate when monsters are visible.
You are immune to unholy pain and torment.
You can survive without breathing.
You cannot study or use magical devices.


Message History

The two-headed ogre hits you with a +0 giant club!
* * * LOW HITPOINT WARNING * * *
You punch the two-headed ogre!
The two-headed ogre is severely wounded.
The two-headed ogre hits you with a cursed +0 giant spiked club!!
* * * LOW HITPOINT WARNING * * *
The two-headed ogre closely misses you.
You punch the two-headed ogre!
The two-headed ogre is almost dead.
You hit the two-headed ogre but do no damage.
The two-headed ogre is almost dead.
The two-headed ogre hits you but does no damage.
The two-headed ogre closely misses you.
You hit the two-headed ogre.
The two-headed ogre is almost dead.
You closely miss the two-headed ogre.
The two-headed ogre is almost dead.
The two-headed ogre completely misses you.
The two-headed ogre hits you with a +0 giant club!
You die...

#. ### #. #. ...
#. .. ##.##.
########.##.
#...#(
#........... #
#.#..<
#.##.....#. ...
##....#
#.##.#####[..#
........
#.##...@O....#
..###...
#.##..####.#.#
...≈...# #.##..#
#...#.. #.##..#
#...##. #.##..#
..PPP..
#.##..####..
..P>PP.≈
#..........#
##....PPP..
#########..#####
.##.##PPP##.
#..........#
#.##..#...#..


You could see a two-headed ogre.

Vanquished Creatures
  3 hungry ghosts
  4 ice beasts
  A sky beast (D:5)
  2 phantoms (D:5)
  3 centaurs
  2 ogres
  A big kobold (D:7)
  5 bullfrogs
  4 scorpions
  5 howler monkeys (D:7)
  2 centaur zombies
  A crimson imp (D:6)
  A hound (D:7)
  A bullfrog zombie (D:5)
  2 quasits
  Crazy Yiuf (D:2)
  A bullfrog skeleton (D:5)
  2 iguanas
  3 orc priests
  6 orc wizards
  2 centaur skeletons
  Natasha (thrice) (D:4)
  4 worker ants
  A hound zombie (D:6)
  A hound skeleton (D:4)
  A howler monkey zombie (D:6)
  A worker ant zombie (D:5)
  13 adders
  3 gnolls (D:5)
  A river rat (D:4)
  A shadow imp (D:7)
  An ooze (D:1)
  3 worms (D:4)
  2 dart slugs
  7 leopard geckos
  32 orcs
  A ball python (D:5)
  13 giant cockroaches
  12 hobgoblins
  10 jackals
  10 kobolds
  2 quokkas (D:3)
  11 bats
  10 frilled lizards
  3 goblins
  A jackal skeleton (D:4)
  9 rats
208 creatures vanquished.

Vanquished Creatures (others)
  An ogre (D:7)
  A scorpion (D:7)
  An orc (D:7)
3 creatures vanquished.

Grand Total: 211 creatures vanquished

Notes
Turn   | Place    | Note
-------+----------+-------------------------------------------
     0 | D:1      | Morenatsu the Ghoul Monk began the quest for the Orb.
     0 | D:1      | Reached XP level 1. HP: 19/19 MP: 0/0
    47 | D:1      | Reached XP level 2. HP: 19/26 MP: 1/1
   171 | D:1      | Reached skill level 4 in Unarmed Combat
   407 | D:1      | Reached XP level 3. HP: 20/31 MP: 2/2
  1013 | D:1      | Reached skill level 5 in Unarmed Combat
  1106 | D:2      | Reached XP level 4. HP: 30/38 MP: 3/3
  1311 | D:2      | Found a runed door.
  1315 | D:2      | Noticed Crazy Yiuf
  1328 | D:2      | Killed Crazy Yiuf
  1907 | D:2      | Reached skill level 6 in Unarmed Combat
  1907 | D:2      | Reached XP level 5. HP: 27/44 MP: 4/4
  2502 | D:3      | Reached skill level 7 in Unarmed Combat
  2502 | D:3      | Reached XP level 6. HP: 49/51 MP: 5/5
  3107 | D:4      | Found Raetey's Elemental Accessories.
  3127 | D:4      | Reached skill level 8 in Unarmed Combat
  3316 | D:4      | Found a burning altar of Makhleb.
  3341 | D:4      | Noticed a hungry ghost
  3353 | D:4      | Killed a hungry ghost
  3353 | D:4      | Reached XP level 7. HP: 56/57 MP: 6/6
  3396 | D:4      | Noticed Natasha
  3404 | D:4      | Killed Natasha
  3404 | D:4      | Reached skill level 9 in Unarmed Combat
  3534 | D:4      | Noticed Natasha
  3540 | D:4      | Killed Natasha
  3579 | D:4      | Noticed Natasha
  3586 | D:4      | Killed Natasha
  3594 | D:4      | Found a shimmering altar of Xom.
  3700 | D:4      | Found a glowing golden altar of the Shining One.
  3703 | D:4      | Found a bloodstained altar of Trog.
  3703 | D:4      | Found a snail-covered altar of Cheibriados.
  3703 | D:4      | Found a shadowy altar of Dithmenos.
  3706 | D:4      | Found a sparkling altar of Nemelex Xobeh.
  3967 | D:5      | Entered Level 5 of the Dungeon
  3967 | D:5      | Found a staircase to the Ecumenical Temple.
  3996 | Temple   | Entered the Ecumenical Temple
  4230 | Temple   | Became a worshipper of Ru the Awakened
  4242 | Temple   | Gained mutation: You cannot study or use magical devices.
                  | [Ru sacrifice]
  4242 | Temple   | Reached * piety under Ru
  4242 | Temple   | Reached ** piety under Ru
  4511 | D:5      | Reached skill level 10 in Unarmed Combat
  4539 | D:5      | Reached XP level 8. HP: 48/63 MP: 5/7
  4710 | D:5      | Found a radiant altar of Vehumet.
  4731 | D:5      | Reached skill level 5 in Dodging
  4993 | D:5      | Found an ornate altar of the Wu Jian Council.
  5616 | D:6      | Reached XP level 9. HP: 64/70 MP: 8/8
  5651 | D:6      | Found Isohiss's Assorted Antiques.
  5747 | D:6      | Found a deep blue altar of Sif Muna.
  5747 | D:6      | Found a hazy altar of Hepliaklqana.
  5768 | D:6      | Bought a pair of glowing gloves for 165 gold pieces
  5768 | D:6      | Bought a scroll labeled BIV LYLUBA for 22 gold pieces
  5768 | D:6      | Bought a scroll labeled QAUSCHI HIQUROI for 22 gold pieces
  5768 | D:6      | Bought a scroll labeled VOT ZOQETHRE for 22 gold pieces
  6298 | D:7      | Gained mutation: You are frail. (-10% HP) [Ru sacrifice]
  6298 | D:7      | Reached *** piety under Ru
  6298 | D:7      | Reached **** piety under Ru
  6373 | D:7      | Reached skill level 5 in Fighting
  6865 | D:8      | Reached skill level 1 in Armour
  6918 | D:8      | Reached XP level 10. HP: 31/77 MP: 5/9
  6982 | D:8      | Found a staircase to the Lair.
  7032 | D:8      | Noticed a two-headed ogre
  7049 | D:8      | Mangled by a two-headed ogre

Vault maps used:
D:1:      erik_arrival_cave_to_civilisation
D:2:      uniq_crazy_yiuf_cottage
D:4:      minitemple, lemuel_coloured_pillars_altar, lemuel_doored_altar,
          gup_sewer_entry_spiral, minmay_misc_feat_roman,
          nicolae_elemental_shop, minmay_fractal_squares_gapless_5, uniq_natasha
D:5:      marbit_many_paths, vehumet_altar_wand_db,
          minmay_temple_entry_statues_fountains, first_ration,
          minmay_tree_intersection
D:6:      gammafunk_temple_overflow_elements, serial_shops,
          nicolae_shop_waterfront, bh_walls_and_bars
D:7:      wander_river
D:8:      dpeg_oklobed_lair, uniq_harold
Temple:   jpeg_temple_alley_garden

Skill      XL: |  1  2  3  4  5  6  7  8  9 10 |
---------------+-------------------------------+-----
Unarmed Combat | 4 5 6 7 8 10 | 10.0
Dodging        | 3 7 |  7.9
Fighting       | 7 |  7.0
Armour         | 3 4 |  4.3
Stealth        | |  2.1

Action                   |  1- 3 |  4- 6 |  7- 9 | 10-12 || total
-------------------------+-------+-------+-------+-------++-------
Melee: Unarmed           |    96 |   206 |   466 |    54 ||   822
       Punch             |     2 |     7 |    21 |       ||    30
Invok: Sacrifice Artific |       |       |     1 |       ||     1
       Sacrifice Health  |       |       |     1 |       ||     1
  Use: Scroll            |       |     8 |     7 |       ||    15
       Potion            |       |     4 |     3 |       ||     7
 Stab: Sleeping          |     6 |     4 |     2 |       ||    12
       Invisible         |       |       |     3 |       ||     3
       Distracted        |       |       |     1 |       ||     1
  Eat: Chunk             |    12 |    28 |    49 |     6 ||    95
       Ration            |       |     1 |       |       ||     1
Armor: Robe              |    16 |     1 |       |       ||    17
       Leather armour    |       |    38 |    96 |    23 ||   157
Dodge: Dodged            |    55 |   115 |   298 |    49 ||   517

Table legend:
 A = Non-vault XP
 B = Vault XP
 C = Vault XP percentage of total XP
 D = Non-vault monster count
 E = Vault monster count
 F = Vault count percentage of total count
                 A         B        C        D         E       F
            +---------+---------+-------+---------+---------+-------
      Total |    4615 |     334 |   6.7 |     196 |      14 |   6.7
            +---------+---------+-------+---------+---------+-------
        D:1 |      64 |       0 |   0.0 |      34 |       0 |   0.0
        D:2 |      91 |      41 |  31.1 |      12 |       1 |   7.7
        D:3 |     252 |       0 |   0.0 |      38 |       0 |   0.0
        D:4 |     413 |     184 |  30.8 |      21 |      11 |  34.4
        D:5 |     784 |     109 |  12.2 |      19 |       2 |   9.5
        D:6 |     535 |       0 |   0.0 |      16 |       0 |   0.0
        D:7 |    1570 |       0 |   0.0 |      40 |       0 |   0.0
        D:8 |     906 |       0 |   0.0 |      16 |       0 |   0.0
            +---------+---------+-------+---------+---------+-------
